 Dungeon Crawl Stone Soup version 0.20.1-1-g8b1a95d (webtiles) character file.

366 veneficus the Poker (level 6, -3/44 HPs)
             Began as a Merfolk Skald on Nov 2, 2017.
             Slain by an ogre
             ... wielding a +0 giant club
              (27 damage)
             ... on level 4 of the Dungeon.
             The game lasted 00:07:23 (5174 turns).

veneficus the Poker (Merfolk Skald)                 Turns: 5174, Time: 00:07:24

Health: -3/44      AC:  4    Str: 14    XL:     6   Next: 68%
Magic:  0/11       EV: 12    Int: 13    God:
Gold:   206        SH:  0    Dex: 15    Spells: 4/12 levels left

rFire    . . .     SeeInvis .   a - +0 spear
rCold    . . .     Gourm    .   (no shield)
rNeg     . . .     Faith    .   b - +0 leather armour
rPois    .         Spirit   .   o - +0 helmet (curse)
rElec    .         Reflect  .   (no cloak)
rCorr    .         Harm     .   (no gloves)
MR       .....                  (no boots)
Stlth    +.........             (no amulet)
Regen    0.2/turn               g - +1 ring of slaying
MPRegen  0.2/turn               t - +3 ring of strength (curse)

@: infused
A: change form in water, swift swim, stealthy swim
a: no special abilities


You were on level 4 of the Dungeon.
You were hungry.

You visited 1 branch of the dungeon, and saw 4 of its levels.

You collected 206 gold pieces.

Inventory:

Hand Weapons
 a - a +0 spear (weapon)
Armour
 b - a +0 leather armour (worn)
 o - a cursed +0 helmet (worn)
Jewellery
 g - a +1 ring of slaying (left hand)
 i - a +5 ring of intelligence
 t - a cursed +3 ring of strength (right hand)
 v - an uncursed ring of see invisible
Scrolls
 e - a scroll of recharging {unknown}
 h - a scroll of enchant armour {unknown}
 j - 3 scrolls of identify
 k - a scroll of random uselessness {unknown}
 m - 2 scrolls of fog {unknown}
 n - a scroll of teleportation {unknown}
 q - a scroll of magic mapping {unknown}
 s - a scroll of remove curse {unknown}
Potions
 f - 3 potions of heal wounds
 p - 2 potions of curing
 r - a potion of might
 u - a potion of agility {unknown}
 w - a potion of ambrosia {unknown}
Books
 c - a book of Battle

   Spells                             Type                      Level
   a - Infusion                       Charms                       1
   b - Shroud of Golubria             Charms/Translocation         2
   c - Song of Slaying                Charms                       2
   d - Spectral Weapon                Hexes/Charms                 3
   e - Regeneration                   Charms/Necromancy            3
Comestibles
 d - 4 bread rations
 l - 2 royal jellies


   Skills:
 - Level 2.1 Fighting
 * Level 7.5 Polearms
 - Level 0.6 Armour
 - Level 2.6 Dodging
 + Level 3.5 Spellcasting
 + Level 4.7 Charms


You had 4 spell levels left.
You knew the following spells:

 Your Spells              Type           Power        Failure   Level  Hunger
a - Infusion              Chrm           ##..         4%          1    #......
b - Song of Slaying       Chrm           ##......     6%          2    ##.....
c - Shroud of Golubria    Chrm/Tloc      #.........   16%         2    ##.....
d - Regeneration          Chrm/Necr      #.........   32%         3    ###....


Dungeon Overview and Level Annotations

Branches:
Dungeon (4/15)
 Temple: D:4-7

Altars:
Ru


Message History

You take 5 damage, and have 39/44 hp.
You now have 4/11 mp.
Warning x2: The ogre can hit for high damage in melee! x2
You closely miss the ogre. You hit the ogre.
You kill the ogre!
You now have 3/11 mp.
You hit the ogre. The ogre hits you with a giant club!
You take 15 damage, and have 24/44 hp.
MASSIVE DAMAGE!!
You now have 2/11 mp.
Spoiler Alert: The ogre can hit for high damage in melee!
You hit the ogre! You hit the ogre.
Your shroud bends the ogre's attack away!!
You now have 1/11 mp.
You hit the ogre.
You now have 0/11 mp.
Spoiler Alert: The ogre can hit for high damage in melee!
You hit the ogre. The ogre closely misses you.
You hit the ogre but do no damage. The ogre hits you with a giant club!!
Ouch! That really hurt!
You die...

# #.# # #.#### #
#.##.## # #.#...##
###......##
..........########
######...........#
# #....######.#
#.#### #@# #+# #O#
#l# ... #.. # ...#
.+ .... ## ....


You could see an ogre and a leopard gecko.

Vanquished Creatures
  An ogre (D:4)
  Blork the orc (D:4)
  A hound (D:4)
  A centaur skeleton (D:4)
  An iguana (D:4)
  A worker ant (D:4)
  5 adders
  An ooze (D:3)
  A worm (D:3)
  2 leopard geckos
  4 orcs (D:3)
  4 bats
  6 giant cockroaches
  6 goblins
  7 hobgoblins
  2 jackals (D:2)
  6 kobolds
  3 quokkas (D:4)
  5 frilled lizards
  5 rats
63 creatures vanquished.

Notes
Turn   | Place    | Note
-------+----------+-------------------------------------------
     0 | D:1      | veneficus the Merfolk Skald began the quest for the Orb.
     0 | D:1      | Reached XP level 1. HP: 16/16 MP: 3/3
   134 | D:1      | Reached XP level 2. HP: 11/22 MP: 0/5
   325 | D:1      | Learned a level 2 spell: Song of Slaying
   328 | D:1      | Learned a level 2 spell: Shroud of Golubria
  1201 | D:2      | Reached skill level 4 in Polearms
  1201 | D:2      | Reached XP level 3. HP: 27/27 MP: 6/6
  2513 | D:3      | Reached XP level 4. HP: 31/33 MP: 7/7
  3070 | D:3      | Reached skill level 5 in Polearms
  3677 | D:4      | Learned a level 3 spell: Regeneration
  3696 | D:4      | Reached XP level 5. HP: 38/38 MP: 5/9
  3951 | D:4      | Reached skill level 6 in Polearms
  4807 | D:4      | Found a sacrificial altar of Ru.
  4816 | D:4      | Noticed Blork the orc
  4825 | D:4      | Killed Blork the orc
  4825 | D:4      | Reached skill level 7 in Polearms
  4825 | D:4      | Reached XP level 6. HP: 23/44 MP: 1/11
  5174 | D:4      | Slain by an ogre

Skill      XL: |  1  2  3  4  5 |
---------------+----------------+-----
Polearms       | 4 5 7 |  7.5
Charms         | 4 |  4.7
Spellcasting   | 3 |  3.5
Fighting       | |  2.1
Armour         | |  0.6
Dodging        | |  2.6

Action                   |  1- 3 |  4- 6 || total
-------------------------+-------+-------++-------
Melee: Spear             |   157 |   140 ||   297
       Tailslap          |       |     2 ||     2
 Cast: Infusion          |     4 |     9 ||    13
       Shroud of Golubri |       |     2 ||     2
  Use: Scroll            |       |     4 ||     4
 Stab: Sleeping          |     1 |     1 ||     2
  Eat: Chunk             |     5 |     8 ||    13
Armor: Leather armour    |    24 |    13 ||    37
Dodge: Dodged            |    71 |    67 ||   138
